 Dungeon Crawl Stone Soup version 0.25-a0-435-g4b9beb1024 (webtiles) character file.

Game seed: 7408974257308063462, levelgen mode: deterministic

4249 asdasdasd321 the Grappler (level 10, -1/94 HPs)
             Began as a Troll Berserker on Jan 29, 2020.
             Was an Elder of Trog.
             Slain by a yak (17 damage)
             ... on level 1 of the Lair of Beasts.
             The game lasted 00:16:36 (5859 turns).

asdasdasd321 the Grappler (Troll Berserker)         Turns: 5859, Time: 00:16:37

Health: -1/94      AC:  8    Str: 27    XL:     10   Next: 9%
Magic:  9/9        EV: 13    Int:  3    God:    Trog [****..]
Gold:   286        SH:  0    Dex: 12    Spells: 9/9 levels left

rFire    . . .     SeeInvis .     - Unarmed
rCold    . . .     Gourm    +   (no shield)
rNeg     . . .     Faith    .   a - +2 animal skin
rPois    .         Spirit   .   (helmet restricted)
rElec    .         Reflect  .   (no cloak)
rCorr    .         Harm     .   (gloves unavailable)
MR       .....                  (boots unavailable)
Stlth    ++........             l - amulet of rage
HPRegen  0.65/turn              (no ring)
MPRegen  0.11/turn              (no ring)

@: hasted, very quick
A: large, unfitting armour, claws 3, fast metabolism 3, gourmand, regeneration
1, shaggy fur 1, tough skin 3
a: Berserk, Trog's Hand, Brothers in Arms, Renounce Religion, Evoke Berserk Rage


You were on level 1 of the Lair of Beasts.
You worshipped Trog.
Trog was greatly pleased with you.
You were very full.

You visited 2 branches of the dungeon, and saw 9 of its levels.

You collected 286 gold pieces.

Inventory:

Missiles
 E - 91 stones (quivered)
Armour
 a - a +2 animal skin (worn)
Jewellery
 l - an amulet of rage (around neck)
 v - an uncursed amulet of magic regeneration {unknown}
Wands
 t - a wand of digging (9)
Scrolls
 c - a scroll of enchant armour
 e - a scroll of noise {unknown}
 f - 2 scrolls of amnesia
 j - a scroll of random uselessness {unknown}
 k - 6 scrolls of teleportation
 m - a scroll of fear {unknown}
 n - 4 scrolls of identify
 o - a scroll of magic mapping {unknown}
 p - 3 scrolls of fog {unknown}
 q - a scroll of immolation {unknown}
 r - a scroll of blinking {unknown}
 u - a scroll of enchant weapon {unknown}
 y - 4 scrolls of remove curse
 B - a scroll of brand weapon {unknown}
 C - a scroll of acquirement {unknown}
Potions
 d - 3 potions of magic
 g - 5 potions of curing {unknown}
 h - 2 potions of flight
 i - 3 potions of brilliance {unknown}
 s - 4 potions of heal wounds {unknown}
 w - a potion of berserk rage {unknown}
 z - 2 potions of might {unknown}
 A - 2 potions of resistance {unknown}
 D - a potion of cancellation {unknown}
 G - a potion of mutation {unknown}
Comestibles
 b - 15 rations
 F - a chunk of flesh


   Skills:
 + Level 4.6 Fighting
 + Level 6.4 Dodging
 + Level 2.6 Stealth
 + Level 11.3 Unarmed Combat


You had 9 spell levels left.
You didn't know any spells.
Your spell library contained the following spells:

 Spells                   Type           Power        Failure   Level  Hunger
 Magic Dart               Conj           #...         52%         1    ##.....
 Blink                    Tloc           N/A          67%         2    ###....
 Call Imp                 Summ           #.......     67%         2    ###....
 Slow                     Hex            #.......     67%         2    ###....
 Confusing Touch          Hex            #.......     88%         3    ####...
 Conjure Flame            Conj/Fire      #.......     88%         3    ####...
 Gell's Gravitas          Tloc           #.........   88%         3    ####...
 Mephitic Cloud           Conj/Pois/Air  #.......     88%         3    ####...
 Petrify                  Tmut/Erth      #.......     99%         4    #####..
 Metabolic Englaciation   Hex/Ice        #.........   100%        5    ######.
 Yara's Violent Unravell  Hex/Tmut       #.........   100%        5    ######.


Dungeon Overview and Level Annotations

Branches:
Dungeon (8/15)             Temple (0/1) D:5            Lair (1/6) D:8

Altars:
Ashenzari
Cheibriados
Dithmenos
Fedhas
Gozag
Nemelex Xobeh
Trog
Uskayaw
Wu Jian

Shops:
D:6 *


Innate Abilities, Weirdness & Mutations

You are too large for most types of armour.
You have claws for hands.
Your metabolism is lightning-fast.
You like to eat raw meat.
Your natural rate of healing is unusually fast.
You are covered in fur. (AC +1)
You have extremely tough skin. (AC +3)


Message History

The yak gores you.
* * * LOW HITPOINT WARNING * * *
You claw the yak! Your claw misses the yak.
The yak is severely wounded.
You mangle the yak!!
You kill the yak!
Trog accepts your kill.
You scratch the yak. You claw the yak.
The yak is moderately wounded.
You scratch the yak but do no damage.
The yak is moderately wounded.
The yak gores you.
* * * LOW HITPOINT WARNING * * *
You mangle the yak!!
The yak is almost dead.
You claw the yak!
You kill the yak!
Trog accepts your kill. The yak gores you!
You die...

.......<......#
P############.##
##..# #..#### #
##.##.#.##.#
##.........#
#......(...#
#########.........#
.(....YY@...#.###.#
.......##.#.###
###.... ###.# #...Y
#.# #.... #.# #....
#.# ...Y. .# ....Y.


You could see 2 yaks.

Vanquished Creatures
  Maggie (D:6)
  A hippogriff (D:7)
  A spriggan (D:7)
  5 yaks (Lair:1)
  Menkaure (D:4)
  A water moccasin (Lair:1)
  Edmund (D:4)
  An ice beast (D:6)
  An orc warrior (D:7)
  A phantom (D:7)
  4 wolves (Lair:1)
  2 centaurs
  A big kobold (D:8)
  5 bullfrogs (D:6)
  A gnoll sergeant (D:8)
  2 scorpions
  4 wights (D:8)
  A howler monkey (D:5)
  2 hounds
  2 jellies
  A bullfrog skeleton (D:7)
  4 orc priests
  5 orc wizards
  Jessica (D:3)
  3 iguanas
  2 worker ants (D:4)
  A killer bee zombie (D:7)
  A howler monkey zombie (D:4)
  A worker ant zombie (D:4)
  7 gnolls
  A howler monkey skeleton (D:4)
  14 adders
  A shadow imp (D:6)
  3 oozes
  An adder skeleton (D:7)
  3 worms
  A dart slug (D:3)
  4 leopard geckos
  34 orcs
  9 bats
  5 giant cockroaches
  4 goblins
  8 hobgoblins
  A quokka (D:7)
  3 ball pythons
  5 frilled lizards
  11 kobolds
  A leopard gecko skeleton (D:6)
  A leopard gecko zombie (D:8)
  A quokka skeleton (D:6)
  A quokka zombie (D:6)
  6 rats
182 creatures vanquished.

Vanquished Creatures (collateral kills)
  A komodo dragon (D:8)
1 creature vanquished.

Vanquished Creatures (others)
  A plant (D:8)
1 creature vanquished.

Grand Total: 184 creatures vanquished

Notes
Turn   | Place    | Note
-------+----------+-------------------------------------------
     0 | D:1      | asdasdasd321 the Troll Berserker began the quest for the
                  | Orb.
     0 | D:1      | Reached XP level 1. HP: 22/22 MP: 0/0
    34 | D:1      | Reached XP level 2. HP: 29/29 MP: 1/1
   718 | D:2      | Reached XP level 3. HP: 27/36 MP: 2/2
   803 | D:2      | Reached XP level 4. HP: 29/44 MP: 3/3
  1227 | D:2      | Reached skill level 4 in Unarmed Combat
  1416 | D:2      | Reached ** piety under Trog
  1687 | D:3      | Noticed Jessica
  1697 | D:3      | Killed Jessica
  1697 | D:3      | Reached XP level 5. HP: 53/53 MP: 4/4
  2123 | D:3      | Reached skill level 5 in Unarmed Combat
  2309 | D:4      | Noticed Menkaure
  2318 | D:4      | Killed Menkaure
  2318 | D:4      | Reached XP level 6. HP: 47/61 MP: 5/5
  2329 | D:4      | Reached *** piety under Trog
  2335 | D:4      | Reached skill level 6 in Unarmed Combat
  2347 | D:4      | Reached XP level 7. HP: 26/67 MP: 6/6
  2443 | D:4      | Noticed a +0 dagger
  2444 | D:4      | Noticed Edmund
  2446 | D:4      | Noticed a +0 dagger
  2453 | D:4      | Killed Edmund
  2459 | D:4      | Found a hide-covered altar of Uskayaw.
  2550 | D:4      | Found a shadowy altar of Dithmenos.
  2838 | D:4      | Reached skill level 7 in Unarmed Combat
  3050 | D:5      | Entered Level 5 of the Dungeon
  3422 | D:5      | Found a blossoming altar of Fedhas.
  3442 | D:5      | Found a staircase to the Ecumenical Temple.
  3539 | D:5      | Found a sparkling altar of Nemelex Xobeh.
  3541 | D:5      | Found an ornate altar of the Wu Jian Council.
  3595 | D:5      | Found a shattered altar of Ashenzari.
  3596 | D:5      | Found a snail-covered altar of Cheibriados.
  3625 | D:5      | Found a bloodstained altar of Trog.
  3897 | D:6      | Reached XP level 8. HP: 77/78 MP: 7/7
  3903 | D:6      | Reached skill level 1 in Stealth
  3911 | D:6      | Reached **** piety under Trog
  3911 | D:6      | Reached skill level 8 in Unarmed Combat
  3916 | D:6      | Found Secare's Elemental Accessories.
  4228 | D:6      | Noticed Maggie
  4238 | D:6      | Killed Maggie
  4238 | D:6      | Reached skill level 5 in Dodging
  4238 | D:6      | Reached skill level 9 in Unarmed Combat
  4371 | D:6      | Found a bloodstained altar of Trog.
  4797 | D:7      | Noticed a hippogriff
  4803 | D:7      | Killed a hippogriff
  4803 | D:7      | Reached XP level 9. HP: 84/84 MP: 8/8
  5063 | D:7      | Found an opulent altar of Gozag.
  5336 | D:7      | Reached skill level 10 in Unarmed Combat
  5511 | D:8      | Reached ***** piety under Trog
  5511 | D:8      | Received a gift from Trog
  5522 | D:8      | Got a bloodstained quarterstaff {god gift}
  5658 | D:8      | Found a staircase to the Lair.
  5659 | D:8      | Noticed a komodo dragon
  5675 | D:8      | Killed a komodo dragon
  5750 | Lair:1   | Entered Level 1 of the Lair of Beasts
  5817 | Lair:1   | Reached skill level 11 in Unarmed Combat
  5850 | Lair:1   | Reached XP level 10. HP: 18/94 MP: 9/9
  5859 | Lair:1   | Slain by a yak

Levels and vault maps discovered:
D:1:      dpeg_arrival_tiny_h, layout_basic, minivault_5, roderic_lattice_a
D:2:      minmay_alternating_diamond, layout_rooms, serial_corexii_hall,
          corexii_hall_statues_x, corexii_hall_statues_u
D:3:      layout_basic, uniq_jessica
D:4:      layout_loops_ring, dancing_weapons_uskayaw,
          grunt_dithmenos_smoke_and_mirrors, uniq_menkaure, uniq_edmund
D:5:      layout_loops_corners, nicolae_overflow_hidden_temple,
          lemuel_round_altar, temple_statues, first_ration, chequers_garden,
          chequers_hall_statues_corner_a, fedhas_altar_1
D:6:      layout_loops_cross, nicolae_elemental_shop, trog_hazing_becter,
          uniq_maggie
D:7:      layout_cave_pools, minmay_misc_feat_cross, the_bakery, hex_tiny,
          nicolae_gozag_cash_rules_everything_around_me
D:8:      minmay_weird_star, layout_basic, david_lair_shrubbed
Lair:1:   layout_chaotic_city, grunt_megastairs_1

Skill      XL: |  1  2  3  4  5  6  7  8  9 |
---------------+----------------------------+-----
Dodging        | 3 4 5 6 |  6.4
Fighting       | 3 4 |  4.6
Unarmed Combat | 4 5 6 7 9 11 | 11.3
Stealth        | 2 |  2.6

Action                   |  1- 3 |  4- 6 |  7- 9 | 10-12 || total
-------------------------+-------+-------+-------+-------++-------
Melee: Unarmed           |    53 |   153 |   299 |     7 ||   512
       Punch             |     1 |     4 |    12 |     2 ||    19
Throw: Stone             |       |       |     3 |       ||     3
Invok: Berserk           |       |     2 |     2 |       ||     4
       Brothers in Arms  |       |       |     1 |       ||     1
  Use: Scroll            |       |     3 |     3 |       ||     6
       Potion            |       |       |     3 |       ||     3
 Stab: Sleeping          |     1 |       |     4 |       ||     5
  Eat: Chunk             |     4 |    23 |    32 |       ||    59
       Ration            |       |       |     1 |       ||     1
Armor: Animal skin       |    25 |    74 |    80 |       ||   179
Dodge: Dodged            |    34 |    91 |   162 |       ||   287

Table legend:
 A = Non-vault XP
 B = Vault XP
 C = Vault XP percentage of total XP
 D = Non-vault monster count
 E = Vault monster count
 F = Vault count percentage of total count
                 A         B        C        D         E       F
            +---------+---------+-------+---------+---------+-------
      Total |    4861 |    1210 |  19.9 |     166 |      17 |   9.3
            +---------+---------+-------+---------+---------+-------
        D:1 |      22 |       0 |   0.0 |      11 |       0 |   0.0
        D:2 |     127 |      35 |  21.6 |      21 |       5 |  19.2
        D:3 |     136 |      37 |  21.4 |      33 |       1 |   2.9
        D:4 |     493 |     321 |  39.4 |      33 |       2 |   5.7
        D:5 |     238 |       0 |   0.0 |       8 |       0 |   0.0
        D:6 |     879 |     424 |  32.5 |      20 |       7 |  25.9
        D:7 |     695 |     215 |  23.6 |      12 |       1 |   7.7
        D:8 |     611 |     178 |  22.6 |      18 |       1 |   5.3
     Lair:1 |    1660 |       0 |   0.0 |      10 |       0 |   0.0
            +---------+---------+-------+---------+---------+-------
